AoeStats
← Alejandro

Runestones

507816376Analyzed
1v1 RM · 12d ago on Sep 19, 2026· 49m 16s· 2 players
Game mode
Random Map
Map size
Tiny (2 player)
Population
200
Speed
Normal
Resources
Standard
Victory
Conquest
Starting age
Dark Age
Ending age
Imperial Age
RankedLock teamsTeams togetherTeam positionsShared explorationLock speedFull tech treeHidden civsTurbo modeCheats
Victory
Defeat
🇨🇴 Franks · Colombia
1084
+28
🇸🇰 Franks · Slovakia
1048
-14
Alejandro
1:30 Loom
12:00 Feudal Age
18:37 Scale Mail Armor
19:28 Double-Bit Axe
23:29 Castle Age
21:40 Gold Mining
22:45 Forging
24:41 Wheelbarrow
24:53 Chain Mail Armor
25:42 Scale Barding Armor
26:47 Chain Barding Armor
28:30 Husbandry
31:00 Iron Casting
34:06 Hand Cart
38:23 Imperial Age
37:10 Bow Saw
37:37 Gold Shaft Mining
37:39 Stone Mining
38:28 Cavalier
40:12 Plate Mail Armor
40:43 Blast Furnace
41:06 Conscription
41:11 Pikeman
42:28 Plate Barding Armor
42:06 Halberdier
43:00 Squires
42:45 Arson
42:47 Gambesons
43:58 Paladin
majekf
7:34 Loom
10:00 Feudal Age
11:42 Double-Bit Axe
15:48 Wheelbarrow
20:21 Forging
21:16 Fletching
28:31 Castle Age
26:49 Scale Barding Armor
27:50 Gold Mining
28:03 Scale Mail Armor
28:06 Padded Archer Armor
29:59 Iron Casting
30:40 Chain Barding Armor
30:14 Pikeman
31:53 Hand Cart
31:48 Elite Skirmisher
41:43 Imperial Age
42:01 Bow Saw
41:44 Stone Mining
42:33 Halberdier
44:00 Chain Mail Armor
43:41 Bodkin Arrow
44:53 Ballistics
44:50 Leather Archer Armor
45:37 Blast Furnace
46:09 Plate Mail Armor
Connection lost

Rejoining the realm…

Still unreachable

The connection could not be restored.

Session expired

The server has moved on; the page needs a fresh start.